 Dungeon Crawl Stone Soup version 0.32-a0-43-g058985b245 (webtiles) character file.

Game seed: 156512630962965870

346654 Newt the Slayer (level 21, -16/189 HPs)
             Began as a Demonspawn Gladiator on Feb 3, 2024.
             Was a High Priest of Okawaru.
             Demolished by a naga warrior
             ... wielding a +0 halberd
              (24 damage)
             ... on level 3 of the Snake Pit on Feb 4, 2024.
             The game lasted 01:40:36 (43161 turns).

Newt the Slayer (Demonspawn Gladiator)             Turns: 43161, Time: 01:40:36

Health: -16/189    AC: 27    Str: 29    XL:     21   Next: 19%
Magic:  29/30      EV: 19    Int: 12    God:    Okawaru [*****.]
Gold:   3164       SH:  5    Dex: 27    Spells: 25/32 levels left

rFire   + + .        e - +7 lajatang of Order {silver, rMut}
rCold   + . .        (shield currently unavailable)
rNeg    . . .        C - +2 shadow dragon scales
rPois   .            (helmet unavailable)
rElec   .            S - scarf {repulsion}
rCorr   .            w - +2 pair of gloves {hurl}
SInv    .            N - +1 pair of boots {Stlth+}
Will    +....        f - amulet of reflection Stlth *******+++
                     j - ring of Shadows {Umbra +Inv Stlth+}
HPRegen 0.51/turn    Y - ring of Autumn {rF++ Int+5 Dex+6}
MPRegen 0.22/turn

%: repel missiles, reflection, resist mutation
@: heroic, slowed, wreathed by umbra, constricted, very slow
A: horns 3, thin skeletal structure 3, foul stench 2, powered by death 3,
corrupting presence 1, cold resistance 1, strong 1, persistent drain
}: 2/15 runes: decaying, silver
a: Renounce Religion, Evoke Invisibility, Heroism, Finesse, Duel


You were on level 3 of the Snake Pit.
You worshipped Okawaru.
Okawaru was extremely pleased with you.
You visited 7 branches of the dungeon, and saw 35 of its levels.
You also visited: Trove, Sewer, Bailey and Volcano.

You collected 6421 gold pieces.
You spent 3257 gold pieces at shops.

Inventory:

Hand Weapons
 e - the +7 lajatang of Order (weapon) {silver, rMut}
   (Okawaru gifted it to you on level 14 of the Dungeon)

   rMut:      It protects you from mutation.
Missiles
 c - 2 curare-tipped darts
 d - 3 throwing nets
 y - 5 atropa-tipped darts
 D - 2 darts of dispersal
 G - 10 silver javelins
 J - 13 datura-tipped darts
 K - 27 poisoned darts
 U - 14 javelins
 W - 9 boomerangs (quivered)
Armour
 w - a +2 pair of gloves of hurling (worn)
 C - +2 shadow dragon scales (worn)
 N - a +1 pair of boots of stealth (worn)
 S - a scarf of repulsion (worn)
Jewellery
 a - a ring of poison resistance
 f - an amulet of reflection (around neck)
 j - the ring of Shadows (left hand) {Umbra +Inv Stlth+}
   (You took it off a tengu reaver on level 5 of the Vaults)

   [ring of stealth]

   Umbra:     It surrounds you with an aura of shadow, increasing your stealth
   and reducing the accuracy of all others within it.
   +Inv:      It lets you turn invisible.
   Stlth+:    It makes you more stealthy.
 n - the ring of Osocw {Will++ EV+5 Str-4 Int+6}
   (You bought it in a shop on level 10 of the Dungeon)

   [ring of evasion]

   EV+5:      It affects your evasion (+5).
   Str-4:     It affects your strength (-4).
   Int+6:     It affects your intelligence (+6).
   Will++:    It greatly increases your willpower.
 s - a ring of positive energy
 Q - a ring of protection from fire
 Y - the ring of Autumn (right hand) {rF++ Int+5 Dex+6}
   (You bought it in a shop on level 10 of the Dungeon)

   [ring of dexterity]

   Int+5:     It affects your intelligence (+5).
   Dex+6:     It affects your dexterity (+6).
   rF++:      It greatly protects you from fire.
Wands
 h - a wand of acid (5)
 o - a wand of flame (67)
 x - a wand of roots (40)
 E - a wand of mindburst (59)
Scrolls
 q - 16 scrolls of teleportation
 r - 9 scrolls of fog
 A - 11 scrolls of fear
 L - 2 scrolls of poison
 M - 3 scrolls of revelation
 O - a scroll of immolation
 P - 17 scrolls of identify
 T - a scroll of vulnerability
 V - a scroll of blinking
 X - a scroll of enchant weapon
 Z - a scroll of silence
Potions
 g - 14 potions of curing
 i - 9 potions of enlightenment
 k - 2 potions of mutation
 l - 7 potions of might
 m - 6 potions of brilliance
 p - a potion of heal wounds
 t - 4 potions of resistance
 u - 4 potions of lignification
 v - 2 potions of ambrosia
 z - 6 potions of haste
 B - 2 potions of berserk rage
 F - a potion of cancellation
 H - 4 potions of invisibility
Miscellaneous
 b - a lightning rod (4/4)
 I - a tin of tremorstones (2/2)


   Skills:
 + Level 22.2(27) Fighting
 - Level 2.6(7.6) Short Blades
 * Level 14.7(19.7) Staves
 - Level 16.3(21.3) Throwing
 - Level 10.4(15.4) Armour
 - Level 9.9(14.9) Dodging
 - Level 6.6(11.6) Stealth
 - Level 6.1 Spellcasting
 - Level 7.6 Hexes
 - Level 6.0 Translocations
 - Level 9.6 Invocations
 - Level 9.5 Evocations


You had 25 spell levels left.
You knew the following spells:

 Your Spells              Type           Power      Damage    Failure   Level
a - Dimensional Bullseye  Hex/Tloc       10%        N/A       34%         4
b - Dazzling Flash        Conj/Hex       24%        N/A       36%         3

Your spell library contained the following spells:

 Spells                   Type           Power      Damage    Failure   Level
 Blink                    Tloc           36%        N/A       8%          2
 Lesser Beckoning         Tloc           36%        N/A       8%          2
 Gell's Gravitas          Tloc           18%        N/A       16%         3
 Teleport Other           Tloc           18%        N/A       16%         3
 Freeze                   Ice            12%        1d3       52%         1
 Magic Dart               Conj           12%        1d3       52%         1
 Sandblast                Erth           6%         2d5       52%         1
 Shock                    Conj/Air       12%        1d3       52%         1
 Mercury Vapours          Alch/Air       6%         N/A       65%         2
 Searing Ray              Conj           6%         2d4       65%         2
 Iskenderun's Mystic Bla  Conj/Tloc      10%        2d4       86%         4
 Vhi's Electric Charge    Tloc/Air       20%        N/A       86%         4
 Frozen Ramparts          Ice            6%         1d1       87%         3
 Hailstorm                Conj/Ice       3%         3d5       87%         3
 Mephitic Cloud           Conj/Alch/Air  3%         N/A       87%         3
 Ozocubu's Armour         Ice            3%         N/A       87%         3
 Passwall                 Erth           3%         N/A       87%         3
 Stone Arrow              Conj/Erth      6%         3d7       87%         3
 Swiftness                Air            3%         N/A       87%         3
 Metabolic Englaciation   Hex/Ice        6%         N/A       98%         5
 Silence                  Hex/Air        6%         N/A       98%         5
 Airstrike                Air            1%         2d(1-17)  99%         4
 Brom's Barrelling Bould  Conj/Erth      3%         2d3       99%         4
 Fulminant Prism          Conj/Alch      1%         3d5       99%         4
 Arcjolt                  Conj/Air       1%         1d11      100%        5
 Curse of Agony           Necr           3%         N/A       100%        5
 Freezing Cloud           Conj/Ice/Air   1%         6-21      100%        5
 Lee's Rapid Deconstruct  Erth           1%         3d4*      100%        5
 Conjure Ball Lightning   Conj/Air       1%         3x3d6     100%        6
 Dispersal                Tloc           9%         N/A       100%        6
 Plasma Beam              Fire/Air       1%         2x1d11    100%        6
 Call Imp                 Summ           Unusable   N/A       N/A         2
 Animate Armour           Summ/Erth      Unusable   N/A       N/A         4
 Summon Lightning Spire   Summ/Air       Unusable   N/A       N/A         4
 Sculpt Simulacrum        Ice/Alch       Unusable   N/A       N/A         6

Dungeon Overview and Level Annotations

Branches:
Dungeon (15/15)            Temple (1/1) D:4            Lair (5/5) D:11
  Swamp (4/4) Lair:3        Snake (3/4) Lair:3        Slime (0/5) Lair:5
    Orc (2/2) D:9             Elf (0/3) Orc:2        Vaults (5/5) D:14
  Crypt (0/3) Vaults:3     Depths (0/4) D:15          Sewer (visited)
 Bailey (visited)         Volcano (visited)

Altars:
Ashenzari
Cheibriados
Dithmenos
Fedhas
Gozag
Hepliaklqana
Kikubaaqudgha
Makhleb
Nemelex Xobeh
Okawaru
Qazlal
Ru
Sif Muna
Trog
Uskayaw
Vehumet
Wu Jian
Xom
Yredelemnul
Jiyva

Shops:
D:3 [   D:4 :   D:10 =   D:13 *?*   D:14 *:   D:15 *   Orc:2 (?(?   Vaults:2 [
Vaults:5 =


Innate Abilities, Weirdness & Mutations

You have a pair of large horns on your head.
You have an unnaturally thin skeletal structure. (Dex +6, Stealth+++)
You sometimes emit foul miasma when damaged in melee.
You regenerate a lot of health from kills.
Your presence sometimes corrodes those you injure.
Your flesh is cold resistant. (rC+)
Your muscles are strong. (Str +4, Int/Dex -1)
Your health recovers twice as slowly from being drained.


Message History

The naga warrior is heavily wounded.
The naga mage hits you with a +0 club!!
* * * LOW HITPOINT WARNING * * *
You emit a cloud of foul miasma!
The naga mage constricts you.
* * * LOW HITPOINT WARNING * * *
The naga mage is engulfed in dark miasma.
The naga mage seems to slow down.
The naga mage gestures at you while chanting.
The bolt of poison hits you!
You are poisoned.
* * * LOW HITPOINT WARNING * * *
The naga mage constricts you.
Unknown command.
You feel better.
The naga mage is no longer moving slowly.
The naga warrior closely misses you.
The naga mage is engulfed in dark miasma.
The naga mage is poisoned.
The naga mage casts a spell at you. The bolt of poison hits you!
You are poisoned.
* * * LOW HITPOINT WARNING * * *
The naga mage constricts you.
Okay, then.
Okay, then.
You feel better.
The naga mage is no longer moving quickly.
The naga mage is engulfed in dark miasma.
The naga mage seems to slow down.
The naga mage gestures at the naga sharpshooter while chanting.
The naga sharpshooter's venom grows more potent.
The naga mage constricts you.
* * * LOW HITPOINT WARNING * * *
The naga warrior hits you with a +0 halberd.
* * * LOW HITPOINT WARNING * * *
The naga mage is engulfed in dark miasma.
The naga mage seems to slow down.
The naga mage completely misses you. The naga mage constricts you.
The naga warrior hits you with a +0 halberd!!
You die...

#....## #.....### .#
#)..)<..##### #.
#..).##.....# ..
##.########.# #.# #)#
#.# #..# .. #.# #.##
..##... #.#
#####))###.#..... #.#
#...†))N@......#
.......####[N##...###
..#### ##).....# ..#
#>.##..## . #...$?..#
..#####.......#
...>...)......#
..#.....#...###
##?.......#


You could see a naga warrior (curare) and a naga mage (strong, poisoned, slow).

Vanquished Creatures
  5 dread liches
  2 golden dragons (Vaults:5)
  A bone dragon (Swamp:4)
  5 tentacled monstrosities
  A lich (Vaults:5)
  5 titans (Vaults:5)
  A quicksilver dragon (Vaults:5)
  Gastronok (Lair:1)
  3 sphinxes
  6 tengu reavers
  2 storm dragons (Vaults:5)
  2 shadow dragons (Vaults:5)
  A fire giant (Vaults:5)
  A fenstrider witch (Swamp:2)
  4 deep elf sorcerers
  20 vault wardens
  An iron dragon (Vaults:5)
  A frost giant (Vaults:5)
  16 ironbound preservers
  2 orc warlords
  3 formless jellyfish
  4 very ugly things (Vaults:5)
  3 stone giants (Vaults:5)
  8 ironbound thunderhulks
  6 eleionomae
  3 deep elf annihilators
  7 bunyips
  4 deep elf demonologists
  6 war gargoyles
  19 dire elephants
  A crystal guardian (Vaults:4)
  4 ettins
  3 great orbs of eyes
  5 entropy weavers
  12 yaktaur captains
  43 vault guards
  3 peacekeepers
  2 deep elf high priests
  An ice dragon (Lair:5)
  11 hydras
  7 ogre magi
  A ghost crab (Swamp:3)
  A salamander tyrant (Snake:3)
  10 ironbound frosthearts
  16 centaur warriors
  30 two-headed ogres
  A catoblepas (D:12)
  5 anacondas
  13 alligators
  2 tengu warriors
  3 death yaks (Lair:5)
  4 boulder beetles
  4 naga warriors
  2 deep troll shamans (Vaults:5)
  4 deep troll earth magi
  A hell hog (Lair:5)
  3 naga sharpshooters
  2 deep elf knights (Vaults:1)
  A salamander mystic (Snake:2)
  A shock serpent (Snake:2)
  A hell knight (Volcano)
  2 skysharks
  A skeletal warrior (D:14)
  A death drake (Swamp:4)
  2 mana vipers
  8 goliath frogs
  33 deep trolls
  4 spriggan druids (Swamp:1)
  7 arcanists
  3 glowing orange brains
  3 swamp dragons (Swamp:3)
  6 bog bodies
  5 lindwurms
  2 deep elf archers
  17 ironbound convokers
  9 orc knights
  5 harpies (Vaults:2)
  A deep elf zephyrmancer (Vaults:1)
  2 necromancers (Vaults:5)
  16 ugly things
  2 spectral hydras (Swamp:4)
  3 spectral alligators (Swamp:4)
  Pikel (D:7)
  4 phantasmal warriors
  A wolf spider (Vaults:5)
  2 deep elf pyromancers (D:14)
  4 will-o-the-wisps
  6 cyclopes
  4 oklob plants
  2 alligator zombies (Swamp:4)
  3 manticores
  14 salamanders
  14 vault sentinels
  Joseph (D:9)
  2 kobold blastminers (Orc:2)
  9 naga magi
  2 water nymphs (Swamp:2)
  23 black mambas
  5 gargoyles
  2 guardian serpents
  12 elephants
  13 cane toads
  4 centaur skeletons (D:14)
  2 molten gargoyles (Volcano)
  An unseen horror (D:12)
  5 torpor snails (Lair:5)
  4 kobold demonologists
  A smoke demon (Volcano)
  Jeremiah (D:7)
  5 rime drakes
  8 komodo dragons
  18 yaktaurs
  An efreet (D:15)
  3 swamp worm zombies (Swamp:4)
  A rime drake (shapeshifter) (D:15)
  A komodo dragon (shapeshifter) (D:15)
  2 freezing wraiths (Vaults:5)
  A red devil (Volcano)
  4 bloated husks
  A troll (shapeshifter) (Vaults:5)
  8 trolls
  3 hydra zombies (Swamp:4)
  A hornet (shapeshifter) (D:14)
  16 hornets
  2 tarantellas
  12 tyrant leeches
  10 polar bears (Lair:5)
  Prince Ribbit (Bailey)
  A raiju (Lair:5)
  15 blink frogs
  2 spectral swamp dragons (Swamp:4)
  A snapping turtle (shapeshifter) (Vaults:5)
  A dream sheep (Lair:4)
  A jumping spider (Vaults:3)
  26 slime creatures
  A shadow (D:10)
  A centaur simulacrum (D:15)
  A culicivora (Vaults:1)
  11 spriggans
  6 humans (Bailey)
  2 wraiths
  4 tyrant leech zombies (Swamp:4)
  2 wyverns
  4 basilisks
  A fire bat (Volcano)
  7 wargs
  41 yaks
  A golden eye (Lair:1)
  Grum (D:9)
  A redback (shapeshifter) (Vaults:5)
  3 steam dragons
  9 redbacks
  15 swamp worms
  7 vampire mosquitoes
  15 hell hounds
  An acid dragon (D:8)
  25 nagas
  14 water moccasins
  3 swamp drakes
  11 orc warriors
  A sky beast (D:7)
  A black bear (shapeshifter) (D:14)
  4 laughing skulls
  14 black bears
  4 swamp dragon zombies (Swamp:4)
  31 wolves
  8 boggarts (D:15)
  30 ogres
  4 phantoms
  19 centaurs
  A lemure (D:7)
  A kobold brigand (D:13)
  A weeping skull (D:5)
  21 bullfrogs
  A scorpion (D:7)
  A gnoll sergeant (D:9)
  12 wights
  An oklob sapling (D:4)
  2 howler monkeys (D:10)
  5 lava snakes (Volcano)
  A bombardier beetle (D:7)
  8 jellies
  15 orc priests
  5 sleepcaps
  5 hounds
  A gnoll bouda (D:8)
  An iguana (D:5)
  14 orc wizards
  A hell rat (Sewer)
  13 gnolls
  5 adders
  3 river rats (Sewer)
  2 white imps
  2 ufetubi (D:6)
  2 dart slugs
  3 ribbon worms
  45 orcs
  9 endoplasms
  2 giant cockroaches
  7 goblins
  10 hobgoblins
  2 jackals (D:2)
  2 quokkas
  5 ball pythons
  3 bats
  4 frilled lizards
  8 kobolds
  14 rats
  A spectral orc (D:5)
1301 creatures vanquished.

Vanquished Creatures (others)
  3 phantasmal warriors (Swamp:4)
  A guardian serpent (Snake:2)
  3 bloated husks (Swamp:4)
  3 phantoms (Swamp:4)
  13 foxfires
  A spectral weapon (D:10)
24 creatures vanquished.

Grand Total: 1325 creatures vanquished

Notes
Turn   | Place    | Note
-------+----------+-------------------------------------------
     0 | D:1      | Newt the Demonspawn Gladiator began the quest for the Orb.
     0 | D:1      | Reached XP level 1. HP: 16/16 MP: 1/1
   196 | D:1      | Gained mutation: You regenerate a little health from kills.
                  | [demonic ancestry]
   196 | D:1      | Reached XP level 2. HP: 17/22 MP: 2/2
  1072 | D:2      | Reached XP level 3. HP: 26/28 MP: 3/3
  1860 | D:3      | Reached skill level 3 in Fighting
  1860 | D:3      | Gained mutation: You have a somewhat thin skeletal
                  | structure. (Dex +2, Stealth+) [demonic ancestry]
  1860 | D:3      | Reached XP level 4. HP: 16/35 MP: 4/4
  2140 | D:3      | Found Puinoh's Armour Boutique.
  2309 | D:3      | Found a stormy altar of Qazlal.
  2436 | D:3      | Got the Codex of the Excursion
  2689 | D:4      | Gained mutation: You may rarely emit foul miasma when
                  | damaged in melee. [demonic ancestry]
  2689 | D:4      | Reached XP level 5. HP: 20/41 MP: 5/5
  2796 | D:4      | Reached skill level 1 in Staves
  2851 | D:4      | Noticed an ogre
  2859 | D:4      | Killed an ogre
  2860 | D:4      | Reached skill level 4 in Fighting
  2860 | D:4      | Gained mutation: You have a moderately thin skeletal
                  | structure. (Dex +4, Stealth++) [demonic ancestry]
  2860 | D:4      | Reached XP level 6. HP: 48/48 MP: 6/6
  3104 | D:4      | Found a staircase to the Ecumenical Temple.
  3315 | Temple   | Entered the Ecumenical Temple
  3333 | Temple   | Became a worshipper of Warmaster Okawaru
  3442 | D:4      | Found Erumogry's Book Shop.
  3636 | D:5      | Entered Level 5 of the Dungeon
  3747 | D:5      | Reached XP level 7. HP: 41/55 MP: 7/7
  3787 | D:5      | Found a glowing drain.
  3798 | Sewer    | Entered a sewer
  4057 | D:3      | Bought a +2 pair of gloves of hurling for 236 gold pieces
  4285 | D:5      | Found a basalt altar of Yredelemnul.
  4297 | D:5      | Reached skill level 5 in Fighting
  4589 | D:5      | Noticed a moth of wrath
  4592 | D:5      | Found a bloodstained altar of Trog.
  4772 | D:6      | Reached skill level 5 in Staves
  4774 | D:6      | Reached * piety under Okawaru
  5210 | D:6      | Gained mutation: You regenerate health from kills. [demonic
                  | ancestry]
  5210 | D:6      | Reached XP level 8. HP: 43/61 MP: 8/8
  5403 | D:6      | Reached skill level 6 in Fighting
  6001 | D:6      | Gained mutation: Your movements are slightly less
                  | encumbered by armour. (ER -2) [potion of mutation]
  6001 | D:6      | Gained mutation: You have sharp toenails. [potion of
                  | mutation]
  6051 | D:6      | Reached skill level 5 in Dodging
  6064 | D:6      | Reached ** piety under Okawaru
  6071 | D:6      | Found a broken altar of Ashenzari.
  6202 | D:7      | Noticed Jeremiah
  6230 | D:7      | Reached skill level 7 in Fighting
  6711 | D:7      | Noticed Pikel
  6730 | D:7      | Killed Pikel
  6731 | D:7      | Reached XP level 9. HP: 42/72 MP: 9/9
  7097 | D:7      | Reached *** piety under Okawaru
  7158 | D:7      | Killed Jeremiah
  7192 | D:7      | Found a shadowy altar of Dithmenos.
  7565 | D:8      | Reached skill level 8 in Fighting
  8183 | D:8      | Reached **** piety under Okawaru
  8186 | D:8      | Reached XP level 10. HP: 67/82 MP: 10/10
  8965 | D:9      | Reached skill level 9 in Fighting
  9177 | D:9      | Noticed Joseph
  9194 | D:9      | Killed Joseph
  9194 | D:9      | Reached ***** piety under Okawaru
  9213 | D:9      | Noticed Grum
  9220 | D:9      | Killed Grum
  9221 | D:9      | Reached skill level 1 in Invocations
  9414 | D:9      | Found a staircase to the Orcish Mines.
  9719 | D:9      | Noticed a necromancer
  9719 | D:9      | Noticed an entropy weaver
  9719 | D:9      | Noticed a tengu warrior
  9759 | D:10     | Entered Level 10 of the Dungeon
  9815 | D:10     | Reached skill level 5 in Invocations
  9837 | D:10     | Reached skill level 10 in Fighting
  9900 | D:10     | Found a flagged portal.
  9907 | Bailey   | Entered a bailey
  9919 | Bailey   | Received a gift from Okawaru
  9929 | Bailey   | Reached skill level 1 in Evocations
  9933 | Bailey   | Reached XP level 11. HP: 54/91 MP: 16/16
 10299 | Bailey   | Noticed Prince Ribbit
 10303 | Bailey   | Noticed a vault guard
 10313 | Bailey   | Killed Prince Ribbit
 10321 | Bailey   | Killed a vault guard
 10323 | Bailey   | Received a gift from Okawaru
 10366 | Bailey   | Noticed a vault guard
 10375 | Bailey   | Killed a vault guard
 10726 | D:10     | Found Jer Emau's One-of-a-Kind Rings.
 10787 | D:10     | Reached skill level 5 in Evocations
 11199 | D:10     | Reached skill level 11 in Fighting
 11576 | D:11     | Found a hazy altar of Hepliaklqana.
 11602 | D:11     | Reached skill level 1 in Armour
 11609 | D:11     | Received a gift from Okawaru
 11730 | D:11     | Found a staircase to the Lair.
 12792 | D:12     | Noticed a two-headed ogre
 12803 | D:12     | Killed a two-headed ogre
 13237 | D:12     | Reached skill level 5 in Throwing
 13360 | D:12     | Noticed a catoblepas
 13360 | D:12     | Noticed a two-headed ogre
 13515 | D:12     | Noticed a boulder beetle
 13521 | D:12     | Gained mutation: You have a pair of small horns on your
                  | head. [demonic ancestry]
 13521 | D:12     | Reached XP level 12. HP: 51/101 MP: 17/17
 13673 | D:12     | Killed a boulder beetle
 13673 | D:12     | Received a gift from Okawaru
 13842 | D:12     | Noticed a two-headed ogre
 13858 | D:12     | Killed a two-headed ogre
 13872 | D:12     | Killed a two-headed ogre
 13873 | D:12     | Reached skill level 12 in Fighting
 14386 | D:12     | Killed a catoblepas
 14664 | D:13     | Found Byggehos's Magic Scroll Boutique.
 14689 | D:13     | Bought a scroll of identify for 38 gold pieces
 14689 | D:13     | Bought a scroll of identify for 38 gold pieces
 14689 | D:13     | Bought a scroll of identify for 38 gold pieces
 14689 | D:13     | Bought a scroll of identify for 38 gold pieces
 14689 | D:13     | Bought a scroll of identify for 38 gold pieces
 14695 | D:13     | You are sucked into a shaft and drop 2 floors!
 14695 | D:15     | Entered Level 15 of the Dungeon
 14749 | D:14     | Reached ****** piety under Okawaru
 14893 | D:14     | Acquired the +7 lajatang of Order {silver, rMut}
 14893 | D:14     | Received a gift from Okawaru
 14893 | D:14     | Found the +7 lajatang of Order {silver, rMut}
 14896 | D:14     | Acquired the +5 hat of Compassion {rN+ Dex+5}
 14896 | D:14     | Received a gift from Okawaru
 14975 | D:14     | Received a gift from Okawaru
 15270 | D:14     | Noticed a tengu warrior
 15276 | D:14     | Killed a tengu warrior
 15280 | D:14     | Noticed a centaur warrior
 15286 | D:14     | Killed a centaur warrior
 15406 | D:14     | Found a gate to the Vaults.
 15436 | D:14     | Reached skill level 13 in Fighting
 15762 | D:14     | Noticed a centaur warrior
 15785 | D:14     | Killed a centaur warrior
 15785 | D:14     | Received a gift from Okawaru
 15791 | D:14     | Reached XP level 13. HP: 66/109 MP: 18/18
 16007 | D:14     | Reached skill level 10 in Staves
 16038 | D:14     | Found Wyfobogh's General Store.
 16047 | D:14     | Bought a scroll of silence for 104 gold pieces
 16047 | D:14     | Bought a scroll of teleportation for 33 gold pieces
 16047 | D:14     | Bought a potion of curing for 33 gold pieces
 16171 | D:14     | Found Qykhlakao's Tremendous Tomes.
 16393 | D:15     | Received a gift from Okawaru
 16395 | D:15     | Found a staircase to the Depths.
 16397 | D:15     | Noticed an ettin
 16641 | D:15     | Received a gift from Okawaru
 16708 | D:15     | Reached skill level 14 in Fighting
 16978 | D:15     | Received a gift from Okawaru
 16982 | D:15     | HP: 4/113 [centaur warrior simulacrum (13)]
 17494 | D:15     | Found Sauf's General Store.
 17502 | D:15     | Bought a scroll of enchant armour for 105 gold pieces
 17555 | D:15     | Killed an ettin
 17958 | D:13     | Found Liroj's Assorted Antiques.
 17974 | D:13     | Bought a potion of curing for 60 gold pieces
 18068 | D:13     | Gained mutation: You sometimes emit foul miasma when
                  | damaged in melee. [demonic ancestry]
 18068 | D:13     | Reached XP level 14. HP: 105/121 MP: 19/19
 18074 | D:13     | Found Bodijif's Changing Room.
 18170 | D:13     | Identified the +10 falchion of Lorof {flame, rN+ Str-5
                  | Int+4}
 18385 | Lair:1   | Entered Level 1 of the Lair of Beasts
 18547 | Lair:1   | Received a gift from Okawaru
 18684 | Lair:1   | Noticed Gastronok
 18702 | Lair:1   | Killed Gastronok
 19020 | Lair:1   | Reached skill level 10 in Throwing
 19215 | Lair:1   | Received a gift from Okawaru
 19316 | Lair:2   | Reached skill level 15 in Fighting
 19424 | Lair:2   | Found a dark tunnel.
 19441 | Volcano  | Entered a volcano
 19766 | Volcano  | Found a burning altar of Makhleb.
 20023 | Lair:2   | You fall into a shaft and drop 2 floors!
 20282 | Lair:3   | Found a staircase to the Snake Pit.
 20532 | Lair:3   | Found a staircase to the Swamp.
 20546 | Lair:3   | Received a gift from Okawaru
 21299 | Lair:2   | Received a gift from Okawaru
 21856 | Lair:2   | Upgraded the game from 0.32-a0-42-ga30500b4d3 to
                  | 0.32-a0-43-g058985b245
 21934 | Lair:4   | Gained mutation: Your presence sometimes corrodes those you
                  | injure. [demonic ancestry]
 21934 | Lair:4   | Reached XP level 15. HP: 130/130 MP: 20/20
 22115 | Lair:4   | Received a gift from Okawaru
 22575 | Lair:5   | Entered Level 5 of the Lair of Beasts
 22671 | Lair:5   | Reached skill level 16 in Fighting
 22719 | Lair:5   | Found a staircase to the Slime Pits.
 22720 | Lair:5   | Found a viscous altar of Jiyva.
 22984 | Lair:5   | Paralysed by a hornet for 1 turns
 23023 | Lair:5   | Received a gift from Okawaru
 24016 | D:10     | Bought the ring of Osocw {Will++ EV+5 Str-4 Int+6} for 918
                  | gold pieces
 24076 | Orc:1    | Entered Level 1 of the Orcish Mines
 24712 | Orc:2    | Entered Level 2 of the Orcish Mines
 24918 | Orc:2    | Received a gift from Okawaru
 24935 | Orc:2    | Reached skill level 17 in Fighting
 24961 | Orc:2    | Gained mutation: You regenerate a lot of health from kills.
                  | [demonic ancestry]
 24961 | Orc:2    | Reached XP level 16. HP: 141/141 MP: 21/21
 25009 | Orc:2    | Found Uqezas's Antique Weapon Shoppe.
 25009 | Orc:2    | Found Coableos's Weapon Shop.
 25010 | Orc:2    | Found Wuf Iff's Magic Scroll Boutique.
 25010 | Orc:2    | Found Hodops's Magic Scroll Shoppe.
 25256 | Orc:2    | Found a staircase to the Elven Halls.
 25571 | Swamp:1  | Entered Level 1 of the Swamp
 26199 | D:10     | Bought the ring of Autumn {rF++ Int+5 Dex+6} for 1065 gold
                  | pieces
 26260 | D:12     | Got the +4 eveningstar "Kuruun" {heavy, rPois rC- rN+
                  | Int+4}
 26398 | Swamp:1  | Received a gift from Okawaru
 27336 | Swamp:2  | Received a gift from Okawaru
 28187 | Swamp:3  | Received a gift from Okawaru
 28208 | Swamp:3  | Reached skill level 18 in Fighting
 28808 | Swamp:3  | Noticed a tentacled monstrosity
 28827 | Swamp:3  | Killed a tentacled monstrosity
 29083 | Swamp:4  | Entered Level 4 of the Swamp
 29108 | Swamp:4  | Received a gift from Okawaru
 29203 | Swamp:4  | Noticed a tentacled monstrosity
 29221 | Swamp:4  | Killed a tentacled monstrosity
 29273 | Swamp:4  | Reached skill level 1 in Spellcasting
 29273 | Swamp:4  | Reached skill level 1 in Hexes
 29299 | Swamp:4  | Reached skill level 1 in Translocations
 29299 | Swamp:4  | Reached XP level 17. HP: 116/150 MP: 24/24
 30180 | Swamp:4  | Noticed a bone dragon
 30190 | Swamp:4  | Killed a bone dragon
 30190 | Swamp:4  | Received a gift from Okawaru
 30206 | Swamp:4  | Got a decaying rune of Zot
 30700 | Vaults:1 | Entered Level 1 of the Vaults
 30941 | Vaults:1 | Noticed a Tzitzimitl
 31114 | Vaults:1 | Received a gift from Okawaru
 31129 | Vaults:1 | Reached skill level 5 in Hexes
 31172 | Vaults:1 | Learned a level 4 spell: Dimensional Bullseye
 31238 | Vaults:1 | Reached skill level 5 in Spellcasting
 31466 | Vaults:1 | Reached skill level 5 in Translocations
 31880 | Vaults:1 | Received a gift from Okawaru
 32458 | Vaults:2 | Reached XP level 18. HP: 150/158 MP: 19/27
 32691 | Vaults:2 | Reached skill level 19 in Fighting
 33139 | Vaults:2 | Paralysed by a formless jellyfish for 1 turns
 33142 | Vaults:2 | Paralysed by a formless jellyfish for 1 turns
 33554 | Vaults:2 | Received a gift from Okawaru
 33714 | Vaults:2 | Found Arphut's Armour Boutique.
 33739 | Vaults:2 | Bought a +1 pair of boots of stealth for 297 gold pieces
 33739 | Vaults:2 | Bought a scarf of repulsion for 216 gold pieces
 34434 | Vaults:3 | Reached skill level 1 in Stealth
 34790 | Vaults:3 | Learned a level 3 spell: Dazzling Flash
 34987 | Vaults:3 | Reached skill level 5 in Stealth
 35342 | Vaults:3 | Received a gift from Okawaru
 35659 | Vaults:3 | Found a staircase to the Crypt.
 35659 | Vaults:3 | Found an ancient bone altar of Kikubaaqudgha.
 35660 | Vaults:3 | Found a basalt altar of Yredelemnul.
 35808 | Vaults:3 | Gained mutation: You have an unnaturally thin skeletal
                  | structure. (Dex +6, Stealth+++) [demonic ancestry]
 35808 | Vaults:3 | Reached XP level 19. HP: 168/168 MP: 28/28
 35976 | Vaults:4 | Received a gift from Okawaru
 36253 | Vaults:4 | Reached skill level 20 in Fighting
 36625 | Vaults:4 | Found a portal to a secret trove of treasure.
 37120 | Vaults:4 | Received a gift from Okawaru
 37177 | Vaults:4 | Paralysed by a formless jellyfish for 1 turns
 37798 | Vaults:4 | Reached skill level 15 in Throwing
 38069 | Vaults:5 | Entered Level 5 of the Vaults
 38076 | Vaults:5 | Noticed a dread lich
 38113 | Vaults:4 | Received a gift from Okawaru
 38191 | Vaults:5 | Noticed a dread lich
 38194 | Arena    | Entered the Arena
 38199 | Arena    | Killed a dread lich
 38653 | Vaults:5 | Noticed a dread lich
 38710 | Vaults:5 | Killed a dread lich
 38787 | Vaults:5 | Gained mutation: You have a pair of horns on your head.
                  | [demonic ancestry]
 38787 | Vaults:5 | Reached XP level 20. HP: 142/178 MP: 29/29
 38801 | Vaults:5 | Reached skill level 21 in Fighting
 38803 | Vaults:5 | Identified the amulet "Eney" {RegenMP rF+}
 39031 | Vaults:5 | Noticed a dread lich
 39079 | Vaults:5 | Killed a dread lich
 39079 | Vaults:5 | Received a gift from Okawaru
 39206 | Vaults:5 | Reached skill level 5 in Armour
 39217 | Vaults:5 | Noticed a dread lich
 39332 | Vaults:5 | Noticed a golden dragon
 39348 | Vaults:5 | Killed a golden dragon
 39541 | Vaults:5 | Killed a dread lich
 39686 | Vaults:4 | You paid a toll of +3 gold dragon scales to enter a
                  | treasure trove
 39687 | Trove    | Entered a treasure trove
 39692 | Trove    | Identified the +6 whip "Udoizier" {elec, Will+ Str+2 Dex-5
                  | Stlth+}
 39702 | Trove    | Identified the +1 dagger "Eraklazir" {speed, Will+ Dex+3}
 39718 | Trove    | Identified the +9 dagger "Mogag" {pain, +Blink Str-2 Int+3}
 39867 | Vaults:5 | Received a gift from Okawaru
 39899 | Vaults:5 | Found Teqaduj's Jewellery Shop.
 39945 | Vaults:5 | Killed a dread lich
 40189 | Vaults:5 | Identified the amulet "Zona" {Spirit ^Drain rC++}
 40598 | Vaults:5 | Noticed a golden dragon
 40618 | Vaults:5 | Killed a golden dragon
 40618 | Vaults:5 | Received a gift from Okawaru
 40869 | Vaults:5 | Got the Secrets of Air
 41047 | Vaults:5 | Got a silver rune of Zot
 41381 | Snake:1  | Entered Level 1 of the Snake Pit
 41540 | Snake:1  | Reached skill level 22 in Fighting
 41540 | Snake:1  | Reached skill level 10 in Armour
 41676 | Snake:1  | Lost mutation: You have sharp toenails. [potion of
                  | mutation]
 41676 | Snake:1  | Lost mutation: Your movements are slightly less encumbered
                  | by armour. (ER -2) [potion of mutation]
 41676 | Snake:1  | Gained mutation: Your muscles are strong. (Str +4, Int/Dex
                  | -1) [potion of mutation]
 41676 | Snake:1  | Gained mutation: You occasionally lose the ability to read
                  | scrolls when taking damage. [potion of mutation]
 41676 | Snake:1  | Gained mutation: You passively map a small area around you.
                  | [potion of mutation]
 41677 | Snake:1  | Lost mutation: Your muscles are strong. (Str +4, Int/Dex
                  | -1) [potion of mutation]
 41677 | Snake:1  | Lost mutation: You occasionally lose the ability to read
                  | scrolls when taking damage. [potion of mutation]
 41677 | Snake:1  | Lost mutation: You passively map a small area around you.
                  | [potion of mutation]
 41677 | Snake:1  | Gained mutation: You are partially covered in large bone
                  | plates. (SH +4) [potion of mutation]
 41677 | Snake:1  | Gained mutation: You are dopey. (Int -2) [potion of
                  | mutation]
 41678 | Snake:1  | Lost mutation: You are dopey. (Int -2) [potion of mutation]
 41678 | Snake:1  | Lost mutation: You are partially covered in large bone
                  | plates. (SH +4) [potion of mutation]
 41678 | Snake:1  | Gained mutation: Your muscles are strong. (Str +4, Int/Dex
                  | -1) [potion of mutation]
 41678 | Snake:1  | Gained mutation: Your flesh is cold resistant. (rC+)
                  | [potion of mutation]
 41678 | Snake:1  | Gained mutation: Your health recovers twice as slowly from
                  | being drained. [potion of mutation]
 41777 | Snake:1  | You fall into a shaft and drop 1 floor!
 41785 | Snake:2  | Received a gift from Okawaru
 41786 | Snake:2  | Gained mutation: You have a pair of large horns on your
                  | head. [demonic ancestry]
 41786 | Snake:2  | Reached XP level 21. HP: 185/189 MP: 30/30
 43160 | Snake:3  | HP: 9/189 [naga mage/bolt of poison (17)]
 43161 | Snake:3  | Demolished by a naga warrior

Illustrated notes

Levels and vault maps discovered:
D:1:      lightli_arrival_noodles, layout_loops_ring,
          chequers_serial_rivers_large_a, minmay_misc_feat_five
D:2:      layout_loops_ring, kennysheep_doodads
D:3:      layout_rooms, mainiacjoe_overflow_catwalk, serial_shops,
          nicolae_shop_crystal, serial_glass, glass_columns_a, glass_columns_a,
          due_unseen_surprise, item_on_display_a, grunt_decor_one_mirror,
          hangedman_decor_growths, hangedman_decor_riveting,
          minmay_quadrilaterals
D:4:      layout_loops_ring, minmay_temple_entry_oklob, serial_shops, shop
D:5:      layout_loops_ring, tgw_trog, yredelemnul_forgotten_temple_becter,
          portal_sewer_entry_d, kennysheep_nondescript, hangedman_glass_garden
D:6:      layout_basic, lemuel_crystal_altar
D:7:      layout_loops_cross, gammafunk_temple_overflow_statue, uniq_jeremiah,
          uniq_pikel
D:8:      layout_loops_cross
D:9:      layout_stronghold, orc_0_dummy, minivault_25_ag, centaur_isle,
          uniq_grum, uniq_joseph
D:10:     layout_irregular_city, enter_bailey_2, nicolae_shop_unique_rings,
          hangedman_abyss_or_decor_slice
D:11:     layout_roguey, erik_lair_orcish_takeover, nzn_hepliaklqana_mist_gate
D:12:     minmay_roctagon, layout_cave_pods
D:13:     layout_roguey, serial_shops, nicolae_shop_tiny_glass,
          nicolae_shop_rolling_square, nicolae_transmutations_shop,
          lemuel_old_faithful
D:14:     layout_rooms, hangedman_vaults_entry_quadrant_bands,
          hangedman_abyss_or_decor_stagger, serial_shops, shop, st_stairs_11,
          nicolae_shop_i_like_big_books
D:15:     hellmonk_depths_entry_around_the_bend, layout_irregular_city,
          serial_shops, nicolae_shop_stone, minmay_tree_intersection
Temple:   nicolae_temple_superstar
Lair:1:   layout_small_grid, disabler_island, lemuel_fruit_tree,
          infiniplex_staircase_pool_2, uniq_gastronok
Lair:2:   beast_lair_carwin_large_3, layout_long_grid,
          nicolae_volcano_entry_s_turn, small_statue_intersection,
          fungi_pond_lemuel, infiniplex_staircase_pool
Lair:3:   cheibrodos_lair_river_kwai, layout_regular_city,
          alex1729_swamp_entry_worm_eleionoma, minmay_snake_entry_six_corridors
Lair:4:   layout_roguey, grunt_forest_large_clearing_hut
Lair:5:   hangedman_lair_caniforms_friends, layout_hall_layers, wormcave,
          slime_entry_1, pdpol_lair_neglected_garden
Swamp:1:  layout_falls_marsh, serial_swamp_ruin, evilmike_swamp_ruin_house_2,
          evilmike_swamp_ruin_house_3, evilmike_swamp_ruin_wall
Swamp:2:  layout_falls_marsh, nicolae_swamp_decorative_isthmus, swamp_pool_1_2,
          nicolae_swamp_big_swirl, nicolae_swamp_nymph_family_reunion
Swamp:3:  layout_basic_swamp, evilmike_swamp_ruin_rubble_1, swamp_pool_1_2,
          hangedman_swamp_wriggling
Swamp:4:  swamp_pestilence, layout_basic_swamp
Snake:1:  layout_rooms, hangedman_snake_corridor_split
Snake:2:  layout_grid_maze, drop_trap
Snake:3:  layout_rooms, nicolae_triple_integral
Orc:1:    minmay_goldmine, layout_caves, nicolae_orc_bridge_out
Orc:2:    st_orc_ogre_mass, layout_caves
Vaults:1: nicolae_vaults_heist, nicolae_vaults_stairing_the_circle,
          nicolae_vaults_yaktaur_gun_rack, v_alt_pattern_5,
          nicolae_vaults_ring_of_whatevers, nicolae_vaults_closet_pinwheel_2,
          nicolae_vaults_closet_pinwheel_6, nicolae_vaults_tetromino_Z_2,
          st_diamondy, nicolae_vaults_trapezoid_4,
          hangedman_vaults_corner_blocks, v_misc_14, layout_vaults_ring
Vaults:2: v_misc_32, vaults_room_fancy_cross,
          serial_library_hellmonk_open_square, nicolae_vaults_storage_closets_2,
          hangedman_vaults_pinch, nicolae_vaults_apartment_2,
          grunt_vaults_bifocal, nicolae_vaults_shelves_hall,
          nicolae_vaults_tetromino_T_2, hangedman_vaults_trim,
          layout_vaults_chaotic_city, serial_shops, shop
Vaults:3: hangedman_vaults_nails, hangedman_vaults_hat, hangedman_vaults_slice,
          nicolae_vaults_network_star, nicolae_vaults_mitosis,
          minmay_crypt_entry_necro_gods, vaults_room_fours,
          nicolae_vaults_trapezoid_1, nicolae_vaults_variable_pillar_hall,
          nicolae_vaults_tetromino_Z_1, layout_vaults_omnicross
Vaults:4: v_misc_19, nicolae_vaults_circle_grid_a, v_misc_29,
          nicolae_vaults_oval_intersection, v_rooms_5, v_rooms_6,
          grunt_vaults_focal, v_misc_28, nicolae_vaults_little_squares_3,
          grunt_vaults_funnel, layout_vaults_omnibox, trove_entry_hex_spiral
Vaults:5

Skill      XL: |  1  2  3  4  5  6  7  8  9 10 11 12 13 14 15 16 17 18 19 20 |
---------------+-------------------------------------------------------------+-----
Throwing       | 2 3 4 5 9 12 13 16 | 16.3
Fighting       | 3 4 5 7 8 10 11 13 14 15 17 18 19 20 22 | 22.2
Staves         | 2 3 5 7 9 12 14 | 14.7
Dodging        | 6 9 |  9.9
Invocations    | 7 9 |  9.6
Evocations     | 1 6 9 |  9.5
Armour         | 3 10 | 10.4
Spellcasting   | 1 6 |  6.1
Hexes          | 1 6 7 |  7.6
Translocations | 1 6 |  6.0
Stealth        | 6 |  6.6
Short Blades   | |  2.6

Action                     |  1- 3 |  4- 6 |  7- 9 | 10-12 | 13-15 | 16-18 | 19-21 || total
---------------------------+-------+-------+-------+-------+-------+-------+-------++-------
  Melee: Rapier            |   151 |    12 |       |       |       |       |       ||   163
         Punch             |     3 |       |       |       |       |       |       ||     3
         Quarterstaff      |       |    95 |   292 |   403 |       |       |       ||   790
         Kick              |       |       |    59 |   187 |   357 |   422 |       ||  1025
         Lajatang          |       |       |       |    74 |   940 |  1113 |  1003 ||  3130
         Headbutt          |       |       |       |    37 |   243 |   342 |   356 ||   978
  Throw: Throwing net      |     3 |       |       |     1 |       |       |     1 ||     5
         Javelin           |     1 |       |     1 |    12 |     6 |    51 |     5 ||    76
         Stone             |       |       |     9 |       |       |       |       ||     9
         Dart              |       |       |       |    14 |     4 |     5 |     2 ||    25
         Boomerang         |       |       |       |     6 |    95 |   226 |   127 ||   454
   Cast: Dimensional Bulls |       |       |       |       |       |     7 |     3 ||    10
 Invoke: Receive Weapon    |       |       |       |     1 |       |       |       ||     1
         Receive Armour    |       |       |       |     1 |       |       |       ||     1
         Heroism           |       |       |       |       |     2 |    17 |    12 ||    31
         Finesse           |       |       |       |       |     1 |     9 |     7 ||    17
         Duel              |       |       |       |       |       |       |     1 ||     1
  Evoke: Wand              |       |    15 |     1 |     5 |     3 |     2 |     2 ||    28
         Tin of tremorston |       |       |       |     1 |     3 |     3 |     2 ||     9
         Lightning rod     |       |       |       |       |       |     6 |     3 ||     9
    Use: Scroll            |     6 |     1 |     7 |     9 |     6 |     4 |    10 ||    43
         Potion            |     1 |       |     4 |     1 |     2 |     3 |    10 ||    21
   Stab: Sleeping          |     1 |    13 |    12 |     9 |    23 |    11 |    29 ||    98
         Distracted        |       |     1 |     1 |     8 |     2 |     3 |     3 ||    18
         Invisible         |       |       |       |       |       |     3 |     4 ||     7
 Armour: Leather armour    |    77 |    36 |   129 |   128 |    16 |       |       ||   386
         Troll leather arm |       |       |       |   150 |   502 |   566 |   264 ||  1482
         Chain mail        |       |       |       |       |    28 |       |       ||    28
         Shadow dragon sca |       |       |       |       |       |       |   165 ||   165
  Dodge: Dodged            |    98 |    36 |   168 |   307 |   846 |  1002 |   793 ||  3250
         Repelled          |       |       |       |       |       |       |    14 ||    14
  Block: Other             |    13 |    19 |    54 |   106 |   197 |   199 |   152 ||   740
         Reflection        |       |       |       |    12 |     9 |     7 |     9 ||    37

Table legend: (Time is in decaauts)
 A = Elapsed time spent in this place.
 B = Non-inter-level travel time spent in this place.
 C = Inter-level travel time spent in this place.
 D = Time resting spent in this place.
 E = Time spent auto-exploring this place.
 F = Levels seen in this place.
 G = Mean time per level.
                   A        B        C        D        E       F      G
               +--------+--------+--------+--------+--------+-----+--------+
         Total |  42521 |  39514 |   3007 |   9498 |  19761 |  40 | 1063.0 |
       Dungeon |  18082 |  16709 |   1373 |   5428 |   8384 |  15 | 1205.5 |
        Temple |     36 |      1 |     35 |      0 |      0 |   1 |   36.0 |
          Lair |   5424 |   4772 |    652 |    327 |   3326 |   5 | 1084.8 |
         Swamp |   4605 |   4440 |    165 |   1111 |   1968 |   4 | 1151.2 |
     Snake Pit |   1727 |   1700 |     27 |      0 |   1273 |   3 |  575.7 |
  Orcish Mines |   1327 |   1269 |     58 |      0 |   1030 |   2 |  663.5 |
        Vaults |   9745 |   9051 |    694 |   2046 |   3237 |   5 | 1949.0 |
         Trove |     45 |     45 |      0 |      0 |      0 |   1 |   45.0 |
         Sewer |    205 |    205 |      0 |      0 |    144 |   1 |  205.0 |
        Bailey |    769 |    769 |      0 |    566 |     79 |   1 |  769.0 |
       Volcano |    533 |    533 |      0 |      8 |    318 |   1 |  533.0 |
         Arena |     17 |     17 |      0 |     11 |      0 |   1 |   17.0 |
               +--------+--------+--------+--------+--------+-----+--------+

Top non-repeatable levels by time:
Vaults:5: 2498 daAuts
Vaults:4: 2330 daAuts
Vaults:2: 2107 daAuts
    D:14: 1972 daAuts
     D:6: 1843 daAuts
    D:11: 1664 daAuts
Vaults:1: 1586 daAuts
    D:12: 1520 daAuts
  Lair:5: 1454 daAuts
 Swamp:4: 1417 daAuts
    D:15: 1325 daAuts
     D:9: 1231 daAuts
 Swamp:3: 1228 daAuts
 Snake:2: 1224 daAuts
Vaults:3: 1223 daAuts
